 Dungeon Crawl Stone Soup version 0.27.1 (webtiles) character file.

Game seed: 4898183929480736874

22610 funkygono the Arsonist (level 13, -11/69 HPs)
             Began as a Gargoyle Fire Elementalist on Aug 22, 2021.
             Was an Elder of Vehumet.
             Mangled by a sun demon (14 damage)
             ... summoned by Frances
             ... on level 12 of the Dungeon.
             The game lasted 00:45:37 (14582 turns).

funkygono the Arsonist (GrFE)                      Turns: 14582, Time: 00:45:38

Health: -11/69     AC: 19    Str: 13    XL:     13   Next: 1%
Magic:  16/27      EV: 13    Int: 22    God:    Vehumet [****..]
Gold:   811        SH:  0    Dex: 10    Spells: 10/33 levels left

rFire    . . .     SeeInvis .   N - +0 flail (protect)
rCold    + + .     Faith    .   (no shield)
rNeg     + . .     Spirit   .   C - +1 steam dragon scales
rPois    ∞         Reflect  .   z - +0 helmet
rElec    +         Harm     .   x - scarf {repulsion}
rCorr    .         Rampage  .   k - +0 pair of gloves
Will     .....                  u - +1 pair of boots "Noleogg" {rC+ Regen+ Int+2}
Stlth    ++........             t - amulet of regeneration
HPRegen  2.21/turn              s - ring of protection from cold
MPRegen  0.20/turn              G - ring of wizardry

@: about to teleport, repel missiles
A: sickness immunity, AC +9, negative energy resistance 1, electricity
resistance, torment resistance 1, petrification resistance
a: Renounce Religion


You were on level 12 of the Dungeon.
You worshipped Vehumet.
Vehumet was greatly pleased with you.
You visited 2 branches of the dungeon, and saw 13 of its levels.
You also visited: Ice Cave.

You collected 811 gold pieces.

Inventory:

Hand Weapons
 d - a +0 whip of flaming
 N - a +0 flail of protection (weapon)
 S - a +1 demon trident of freezing
Missiles
 c - 250 stones
Armour
 g - a +0 buckler
 i - a +0 cloak
 j - a +2 kite shield of cold resistance
 k - a +0 pair of gloves (worn)
 u - the +1 pair of boots "Noleogg" (worn) {rC+ Regen+ Int+2}
   (You acquired it on level 8 of the Dungeon)

   Int:       It affects your intelligence (+2).
   rC:        It protects you from cold.
   Regen:     It increases your rate of health regeneration.
 x - a scarf of repulsion (worn)
 z - a +0 helmet (worn)
 A - a +0 troll leather armour
 C - +1 steam dragon scales (worn)
 Q - +0 ice dragon scales
Magical Staves
 R - a staff of cold
Jewellery
 h - a ring of see invisible
 s - a ring of protection from cold (left hand)
 t - an amulet of regeneration (around neck)
 G - a ring of wizardry (right hand)
 K - a ring of protection from fire
 L - an amulet of faith
Wands
 p - a wand of flame (15)
 q - a wand of acid (17)
 r - a wand of digging (6)
 y - a wand of iceblast (11)
Scrolls
 a - a scroll of acquirement
 e - 2 scrolls of identify
 f - 5 scrolls of teleportation
 n - a scroll of enchant armour
 o - a scroll of enchant weapon {unknown}
 w - a scroll of magic mapping
 H - a scroll of amnesia
 I - a scroll of blinking
Potions
 l - 5 potions of lignification
 m - a potion of invisibility
 v - 2 potions of magic
 B - a potion of cancellation
 D - a potion of brilliance {unknown}
 E - 2 potions of resistance {unknown}
 F - 2 potions of haste {unknown}
 J - 3 potions of flight
 M - a potion of berserk rage {unknown}
 O - a potion of might {unknown}
 P - a potion of heal wounds


   Skills:
 + Level 3.5 Fighting
 + Level 5.1 Maces & Flails
 + Level 4.4 Dodging
 - Level 2.1 Stealth
 * Level 10.9 Spellcasting
 * Level 11.1 Conjurations
 * Level 11.4 Fire Magic
 * Level 4.6 Air Magic


You had 10 spell levels left.
You knew the following spells:

 Your Spells              Type           Power      Damage    Failure   Level
a - Foxfire               Conj/Fire      100%       2x1d9     1%          1
b - Conjure Flame         Conj/Fire      57%        6-21      1%          3
c - Sticky Flame          Conj/Fire      57%        2d7       1%          4
d - Fireball              Conj/Fire      28%        3d12      1%          5
e - Lightning Bolt        Conj/Air       23%        1d38      1%          5
f - Poisonous Vapours     Pois/Air       44%        N/A       1%          2
g - Stone Arrow           Conj/Erth      72%        3d11      1%          3

Your spell library contained the following spells:

 Spells                   Type           Power      Damage    Failure   Level
 Iskenderun's Battlesphe  Conj           57%        2d11      1%          5
 Magic Dart               Conj           100%       1d8       1%          1
 Sandblast                Erth           24%        2d8       1%          1
 Searing Ray              Conj           100%       3d7       1%          2
 Static Discharge         Conj/Air       46%        N/A       1%          2
 Inner Flame              Hex/Fire       37%        N/A       1%          3
 Mephitic Cloud           Conj/Pois/Air  35%        N/A       1%          3
 Fulminant Prism          Conj/Hex       18%        3d11      1%          4
 Apportation              Tloc           24%        N/A       2%          1
 Passwall                 Tmut/Erth      10%        N/A       3%          2
 Gell's Gravitas          Tloc           6%         N/A       7%          3
 Lesser Beckoning         Tloc           6%         N/A       7%          3
 Teleport Other           Tloc           12%        N/A       7%          3
 Summon Lightning Spire   Summ/Air       22%        N/A       9%          4
 Iron Shot                Conj/Erth      18%        9d4       10%         6
 Lee's Rapid Deconstruct  Erth           6%         3d7*      16%         5
 Animate Armour           Summ/Erth      24%        N/A       22%         4
 Alistair's Intoxication  Tmut/Pois      8%         N/A       50%         5
 Blade Hands              Tmut           6%         N/A       50%         5
 Invisibility             Hex            6%         N/A       96%         6
 Maxwell's Capacitive Co  Air            16%        ∞         98%         8
 Storm Form               Tmut/Air       11%        N/A       99%         7


Dungeon Overview and Level Annotations

Branches:
Dungeon (12/15)            Temple (1/1) D:5            Lair (0/6) D:11
  IceCv (visited)
    Orc: D:9-12

Altars:
Ashenzari
Cheibriados
Dithmenos
Elyvilon
Fedhas
Gozag
Hepliaklqana
Kikubaaqudgha
Makhleb
Nemelex Xobeh
Okawaru
Qazlal
Ru
Sif Muna
Trog
Uskayaw
Vehumet
Wu Jian
Xom
Yredelemnul
Zin
The Shining One

Shops:
D:3 :   D:7 *   D:10 *

Annotations:
D:8 2 transporters
D:12 Frances


Innate Abilities, Weirdness & Mutations

You are immune to sickness and miasma.
Your stone body is resilient. (AC +9)
You are immune to poison.
You resist negative energy. (rN+)
You are resistant to electric shocks. (rElec)
You are resistant to unholy torment.
You are immune to petrification.


Message History

Frances is lightly wounded.
Frances burns!
Frances whispers indecipherable words.
Frances hits you but does no damage.
Casting: Sticky Flame (safe; 1% risk of failure)
Confirm with . or Enter, or press ? or * to list all spells.
Aiming: Sticky Flame (safe; 1% risk of failure)
Press: ? - help, Shift-Dir - straight line, f/p - Frances
Aim: Frances, wielding a +0 trident and wearing a +3 ring mail of willpower (lightly wounded, fast, covered in liquid flames, 100% to hit)
The sticky flame hits Frances but does no damage.
Frances is lightly wounded.
Frances is covered in liquid flames!
Frances burns!
The hellwing disappears in a puff of smoke!
Frances hits you with a +0 trident. Frances hits you but does no damage.
The orange demon barely misses you.
The orange demon hits you but does no damage.
Casting: Sticky Flame (safe; 1% risk of failure)
Confirm with . or Enter, or press ? or * to list all spells.
Aiming: Sticky Flame (safe; 1% risk of failure)
Press: ? - help, Shift-Dir - straight line, f/p - Frances
Aim: Frances, wielding a +0 trident and wearing a +3 ring mail of willpower (purple smoke, lightly wounded, fast, covered in liquid flames, 100% to hit)
The sticky flame hits Frances.
Frances is lightly wounded.
Frances is covered in liquid flames!
Frances burns!
Frances hits you with a +0 trident! The orange demon barely misses you.
The orange demon misses you.
Unknown command.
As you read the scroll of teleportation, it crumbles to dust.
You feel strangely unstable.
Frances burns!
Frances barely misses you. The sun demon hits you!
* * * LOW HITPOINT WARNING * * *
You are engulfed in flames!
* * * LOW HITPOINT WARNING * * *
Frances hits you but does no damage. The orange demon stings you.
* * * LOW HITPOINT WARNING * * *
The orange demon hits you but does no damage.
You feel better.
Frances burns!
Frances hits you with a +0 trident!
* * * LOW HITPOINT WARNING * * *
The sun demon hits you!
You die...

........##...###
........###.....
#........#.....
.##......#..##.
..<........##
.......#....##
......#.#....#
.....#.4$#.......
......#@#........
....§.@#3........
....... ...?..#..
....... ......# .
....... .......
....... .......
...#... .#.....
#..#... .#.....


You could see Frances (fast, burning), a sun demon (summoned) and an orange
demon (summoned).

Vanquished Creatures
  A frost giant (IceCv)
  Erolcha (D:9)
  2 two-headed ogres
  4 death yaks (IceCv)
  Sonja (D:10)
  A deep elf zephyrmancer (D:8)
  2 ugly things
  An ice statue (IceCv)
  A gargoyle (D:11)
  Psyche (D:8)
  A kobold demonologist (D:11)
  A troll (D:9)
  11 polar bears (IceCv)
  Prince Ribbit (D:5)
  A meliai zombie (D:10)
  Sigmund (D:6)
  A vampire (D:6)
  25 yaks
  Eustachio (D:4)
  A wraith (D:11)
  2 wyverns (D:11)
  2 basilisks (D:11)
  3 steam dragons
  5 water moccasins
  2 ice beasts
  5 orc warriors
  3 black bears
  A necrophage (D:2)
  A sky beast (D:7)
  19 wolves (IceCv)
  An ogre (D:7)
  3 centaurs
  A phantom (D:4)
  3 kobold brigands
  A bullfrog (D:8)
  A gnoll sergeant (D:6)
  4 scorpions
  A water moccasin skeleton (D:5)
  4 killer bees (D:9)
  A howler monkey (D:9)
  5 centaur zombies
  3 jellies
  2 bullfrog zombies (D:6)
  A centaur skeleton (D:7)
  2 orc priests
  2 hounds
  Natasha (thrice) (D:3 D:4)
  17 orc wizards
  4 iguanas
  A killer bee zombie (D:7)
  A howler monkey zombie (D:7)
  5 gnolls (D:6)
  3 adders
  A white imp (D:5)
  2 ufetubi (D:4)
  A worm (D:3)
  A dart slug (D:2)
  21 orcs
  14 ball pythons
  6 bats
  6 endoplasms
  A giant cockroach (D:1)
  5 goblins
  6 hobgoblins
  3 jackals (D:4)
  22 kobolds
  6 quokkas
  2 frilled lizards
  4 rats
  A bush (D:11)
273 creatures vanquished.

Vanquished Creatures (collateral kills)
  4 foxfires
4 creatures vanquished.

Vanquished Creatures (others)
  1062 foxfires
  8 fungi (D:11)
  20 plants (D:11)
  4 toadstools (D:10)
1094 creatures vanquished.

Grand Total: 1371 creatures vanquished

Notes
Turn   | Place    | Note
-------+----------+-------------------------------------------
     0 | D:1      | funkygono the Gargoyle Fire Elementalist began the quest
                  | for the Orb.
     0 | D:1      | Reached XP level 1. HP: 10/10 MP: 3/3
   266 | D:1      | Reached XP level 2. HP: 15/15 MP: 3/5
   536 | D:1      | Found a faded altar of an unknown god.
   681 | D:1      | Reached XP level 3. HP: 19/19 MP: 2/6
   685 | D:1      | Learned a level 3 spell: Conjure Flame
  2041 | D:3      | Found a sparkling altar of Nemelex Xobeh.
  2073 | D:3      | Noticed a necrophage
  2087 | D:3      | Reached XP level 4. HP: 22/24 MP: 1/7
  2121 | D:2      | Killed a necrophage
  2122 | D:2      | Reached XP level 5. HP: 17/28 MP: 0/9
  2127 | D:2      | Learned a level 4 spell: Sticky Flame
  2459 | D:3      | Found Luatidghu's Book Shoppe.
  2594 | D:3      | Noticed Natasha
  2600 | D:3      | Killed Natasha
  2601 | D:3      | Reached XP level 6. HP: 32/32 MP: 4/11
  2626 | D:3      | Noticed Natasha
  2630 | D:3      | Killed Natasha
  2815 | D:3      | Found a sacrificial altar of Ru.
  2816 | D:3      | Found a broken altar of Ashenzari.
  2817 | D:3      | Found a blossoming altar of Fedhas.
  3032 | D:3      | Noticed Natasha
  3091 | D:4      | Killed Natasha
  3228 | D:4      | Reached skill level 5 in Fire Magic
  3350 | D:4      | Reached skill level 1 in Maces & Flails
  3533 | D:4      | Reached XP level 7. HP: 37/37 MP: 3/13
  3539 | D:4      | Learned a level 5 spell: Fireball
  3694 | D:4      | Noticed Eustachio
  3706 | D:4      | Killed Eustachio
  4050 | D:5      | Entered Level 5 of the Dungeon
  4459 | D:5      | Found a staircase to the Ecumenical Temple.
  4469 | Temple   | Entered the Ecumenical Temple
  4529 | Temple   | Became a worshipper of Vehumet
  4732 | D:5      | Reached XP level 8. HP: 26/42 MP: 11/15
  4852 | D:5      | Noticed Prince Ribbit
  4857 | D:5      | Killed Prince Ribbit
  4858 | D:5      | Reached skill level 1 in Fighting
  4858 | D:5      | Reached skill level 5 in Spellcasting
  4858 | D:5      | Reached skill level 5 in Conjurations
  5752 | D:6      | Noticed Sigmund
  5807 | D:6      | Killed Sigmund
  5808 | D:6      | Reached XP level 9. HP: 21/48 MP: 6/18
  6001 | D:6      | Found a shadowy altar of Dithmenos.
  6286 | D:6      | Reached * piety under Vehumet
  6286 | D:6      | Offered knowledge of Freeze by Vehumet.
  7046 | D:6      | Learned a level 5 spell: Lightning Bolt
  7910 | D:7      | Found Bufygh's Serpentskin Sales.
  8305 | D:8      | Found a transporter.
  8306 | D:8      | Found a transporter.
  8306 | D:8      | Noticed a four-headed hydra
  8307 | D:8      | Noticed a death knight
  8308 | D:8      | Noticed a cyclops
  8309 | D:8      | Noticed a cyclops
  8314 | D:8      | Found a hide-covered altar of Uskayaw.
  8314 | D:8      | Found a snail-covered altar of Cheibriados.
  8315 | D:8      | Found a glowing silver altar of Zin.
  8430 | D:8      | Reached XP level 10. HP: 30/53 MP: 13/21
  8513 | D:8      | Noticed Psyche
  8522 | D:8      | Killed Psyche
  8681 | D:8      | Noticed a two-headed ogre
  8696 | D:8      | Killed a two-headed ogre
  8696 | D:8      | Reached ** piety under Vehumet
  8940 | D:8      | Offered knowledge of Poisonous Vapours by Vehumet.
  8945 | D:8      | Learned a level 2 spell: Poisonous Vapours
  9116 | D:8      | Noticed a deep elf zephyrmancer
  9122 | D:8      | Killed a deep elf zephyrmancer
  9319 | D:8      | Identified a scroll of acquirement
  9319 | D:8      | Acquired the +1 pair of boots "Noleogg" {rC+ Regen+ Int+2}
  9551 | D:9      | Found an ornate altar of the Wu Jian Council.
  9561 | D:9      | Found a bloodstained altar of Trog.
  9671 | D:9      | Got the Compendium of Air
  9726 | D:9      | Reached skill level 1 in Air Magic
 10047 | D:9      | Noticed Erolcha
 10064 | D:9      | Killed Erolcha
 10065 | D:9      | Reached XP level 11. HP: 57/57 MP: 9/24
 10187 | D:9      | Offered knowledge of Stone Arrow by Vehumet.
 10203 | D:9      | Learned a level 3 spell: Stone Arrow
 10363 | D:9      | Found an iron altar of Okawaru.
 10612 | D:10     | Entered Level 10 of the Dungeon
 10649 | D:10     | Found Hutz's General Store.
 10931 | D:10     | Noticed Sonja
 10936 | D:10     | Killed Sonja
 10937 | D:10     | Reached skill level 10 in Fire Magic
 11012 | D:10     | Reached *** piety under Vehumet
 11227 | D:10     | Found a white marble altar of Elyvilon.
 11723 | D:11     | Noticed a two-headed ogre
 11736 | D:11     | Killed a two-headed ogre
 11799 | D:11     | Noticed a soul eater
 11894 | D:11     | Noticed a cyan ugly thing
 11916 | D:11     | Killed a cyan ugly thing
 11923 | D:11     | Offered knowledge of Hailstorm by Vehumet.
 12072 | D:11     | Reached skill level 10 in Conjurations
 12150 | D:11     | Reached skill level 10 in Spellcasting
 12230 | D:11     | Found a staircase to the Lair.
 12372 | D:11     | Reached XP level 12. HP: 58/64 MP: 7/26
 12691 | D:12     | Found a frozen archway.
 12694 | D:12     | Noticed Frances
 12697 | IceCv    | Entered an ice cave
 12980 | IceCv    | Noticed a death yak
 13041 | IceCv    | Killed a death yak
 13392 | IceCv    | Reached **** piety under Vehumet
 13776 | IceCv    | Offered knowledge of Iskenderun's Battlesphere by Vehumet.
 13956 | IceCv    | Noticed a death yak
 13956 | IceCv    | Noticed a death yak
 13956 | IceCv    | Noticed a frost giant
 13956 | IceCv    | Noticed a death yak
 13969 | IceCv    | Killed a death yak
 14006 | IceCv    | Killed a death yak
 14025 | IceCv    | Killed a death yak
 14026 | IceCv    | Reached skill level 5 in Maces & Flails
 14162 | IceCv    | Killed a frost giant
 14259 | IceCv    | Reached XP level 13. HP: 69/69 MP: 16/27
 14581 | D:12     | HP: 2/69 [sun demon[Frances] (11)]
 14582 | D:12     | Mangled by a sun demon

Illustrated notes

Levels and vault maps discovered:
D:1:      dpeg_arrival_rooms_a, layout_basic,
          hellmonk_ecumenical_altar_heavens_door, corner_web_ring
D:2:      layout_basic, minmay_tromino_i2
D:3:      layout_basic, grunt_temple_overflow_open, mainiacjoe_overflow_catwalk,
          serial_shops, shop_fountains, uniq_natasha
D:4:      layout_rooms, uniq_eustachio
D:5:      minmay_angry_zag, layout_cave_pools, minmay_temple_entry_junction_2,
          hangedman_abyss_or_decor_stagger, uniq_prince_ribbit1
D:6:      minmay_flawed_box, layout_basic, grunt_dithmenos_smoke, st_stairs_14,
          kennysheep_generic_room_10, uniq_sigmund
D:7:      layout_cave_pods, guppyfry_shop_venom
D:8:      layout_basic, gammafunk_temple_overflow_arena,
          guppyfry_early_elven_hall, uniq_psyche
D:9:      layout_cave_pools, trog_ov_bears_minmay, lemuel_crystal_altar,
          okawaru_ov_weapons_minmay, chequers_garden, uniq_erolcha
D:10:     layout_cave_pools, elyvilon_altar_1, minmay_gold_behind_fungi,
          nicolae_stop_n_shop_1, eino_curves_02, uniq_sonja
D:11:     layout_roguey, minmay_lair_entry_grove
D:12:     layout_cave_pools, david_orc_2, portal_ice_cave_entry_pillars_2,
          drop_trap, uniq_frances
Temple:   zaba_magenta_temple

Skill      XL: |  1  2  3  4  5  6  7  8  9 10 11 12 |
---------------+-------------------------------------+-----
Fire Magic     | 4 5 6 8 9 10 11 | 11.4
Spellcasting   | 3 4 6 7 9 10 | 10.9
Conjurations   | 2 3 4 6 7 9 10 11 | 11.1
Dodging        | 2 3 4 |  4.4
Maces & Flails | 1 2 3 5 |  5.1
Fighting       | 1 2 3 |  3.5
Air Magic      | 1 3 4 |  4.6
Stealth        | |  2.1

Action                   |  1- 3 |  4- 6 |  7- 9 | 10-12 | 13-15 || total
-------------------------+-------+-------+-------+-------+-------++-------
Melee: Unarmed           |     2 |       |       |       |       ||     2
       Whip              |     3 |    32 |    52 |    46 |       ||   133
       Flail             |       |       |       |   253 |     9 ||   262
 Cast: Foxfire           |    60 |    74 |   198 |   283 |       ||   615
       Sticky Flame      |       |       |    14 |   105 |     4 ||   123
       Conjure Flame     |       |       |     2 |     5 |       ||     7
       Fireball          |       |       |       |    12 |       ||    12
       Poisonous Vapours |       |       |       |     1 |       ||     1
  Use: Scroll            |     2 |     2 |    11 |     6 |     1 ||    22
       Potion            |       |       |       |     5 |     1 ||     6
Armor: Robe              |     3 |    13 |    52 |       |       ||    68
       Steam dragon scal |       |       |       |   280 |    14 ||   294
Dodge: Dodged            |    17 |    26 |    83 |   303 |    14 ||   443
       Repelled          |       |       |     1 |     3 |       ||     4
